 Dungeon Crawl Stone Soup version 0.24-a0-307-gf989941 (webtiles) character file.

Game seed: 5737228591824975720

2331 MisterFreud the Carver (level 9, -3/66 HPs)
             Began as an Octopode Fighter on May 12, 2019.
             Slain by an ice beast (12 damage)
             ... on level 8 of the Dungeon.
             The game lasted 00:12:54 (5721 turns).

MisterFreud the Carver (Octopode Fighter)           Turns: 5721, Time: 00:12:55

Health: -3/66      AC:  1    Str: 15    XL:     9   Next: 42%
Magic:  9/9        EV: 15    Int: 13    God:
Gold:   187        SH: 15    Dex: 12    Spells: 8/8 levels left

rFire    . . .     SeeInvis .   a - +1 long sword
rCold    . . .     Gourm    .   b - +1 shield
rNeg     . . .     Faith    .   (helmet restricted)
rPois    +         Spirit   .   n - +4 amulet of reflection
rElec    .         Reflect  +   v - ring of poison resistance
rCorr    +         Harm     .   A - ring of flight
MR       .....                  B - ring of resist corrosion
Stlth    ++........             (no ring)
HPRegen  0.21/turn              (no ring)
MPRegen  0.11/turn              (no ring)
                                (no ring)
                                (no ring)

@: no status effects
A: almost no armour, stealthy swim, amphibious, 8 rings, constrict 8, camouflage
1, gelatinous body 1
a: Evoke Flight


You were on level 8 of the Dungeon.
You were hungry.

You visited 2 branches of the dungeon, and saw 9 of its levels.

You collected 377 gold pieces.
You spent 190 gold pieces at shops.

Inventory:

Hand Weapons
 a - a +1 long sword (weapon)
Missiles
 e - 65 arrows
 g - 303 stones (quivered)
 i - 41 bolts
 j - 3 atropa-tipped darts
 m - 50 sling bullets
 u - 30 poisoned darts
 x - 5 javelins
Armour
 b - a +1 shield (worn)
Jewellery
 n - a +4 amulet of reflection (around mantle)
 v - a ring of poison resistance (left tentacle)
 A - a ring of flight (right tentacle)
 B - a ring of resist corrosion (on tentacle)
Wands
 h - a wand of polymorph (7)
 q - a wand of iceblast (6)
 z - a wand of enslavement (8)
Scrolls
 s - 3 scrolls of remove curse
 w - 2 scrolls of fog
 D - a scroll of magic mapping
Potions
 l - a potion of degeneration
 o - 2 potions of mutation
 p - a potion of flight
 r - 2 potions of brilliance
 t - 2 potions of agility
 E - a potion of lignification
Comestibles
 d - 9 rations
 k - 5 chunks of flesh


   Skills:
 + Level 7.8 Fighting
 + Level 9.0 Long Blades
 + Level 7.8 Dodging
 + Level 7.8 Shields


You had 8 spell levels left.
You didn't know any spells.
Your spell library contained the following spells:

 Spells                   Type           Power        Failure   Level  Hunger
 Animate Skeleton         Necr           N/A          61%         1    ##.....
 Apportation              Tloc           #.....       61%         1    ##.....
 Confusing Touch          Hex            #.....       61%         1    ##.....
 Corona                   Hex            #......      61%         1    ##.....
 Summon Small Mammal      Summ           #...         61%         1    ##.....
 Ensorcelled Hibernation  Hex/Ice        #.....       75%         2    ###....
 Confuse                  Hex            #.......     93%         3    ####...
 Dazzling Spray           Conj/Hex       #.....       93%         3    ####...
 Tukima's Dance           Hex            #.......     93%         3    ####...


Dungeon Overview and Level Annotations

Branches:
Dungeon (8/15)             Temple (1/1) D:7
   Lair: D:8-11

Altars:
Ashenzari
Dithmenos
Elyvilon
Fedhas
Gozag
Hepliaklqana
Kikubaaqudgha
Makhleb
Nemelex Xobeh
Okawaru
Qazlal
Ru
Trog
Uskayaw
Vehumet
Wu Jian
Xom
Yredelemnul
Zin
The Shining One

Shops:
D:6 *


Innate Abilities, Weirdness & Mutations

You cannot wear most types of armour.
You are very stealthy in the water. (Stealth+)
You are amphibious.
You can wear up to eight rings at the same time.
You can use your tentacles to constrict eight enemies at once.
Your skin changes colour to match your surroundings (Stealth+).
Your rubbery body absorbs attacks. (AC +1, EV +1)


Message History

The kobold completely misses you.
You riposte.
You barely miss the kobold. Your grab misses the kobold.
The orc hits you with a +0 flail!
* * * LOW HITPOINT WARNING * * *
As you read the scroll labeled LIOZACL XUHU, it crumbles to dust.
You experience a momentary feeling of inescapable doom!
It was a scroll of random uselessness.
The ice beast hits you.
* * * LOW HITPOINT WARNING * * *
The ice beast freezes you.
* * * LOW HITPOINT WARNING * * *
You block the orc's attack. You block the kobold's attack.
Unknown command.
You feel better. You block the orc's attack. You block the ice beast's attack.
The kobold closely misses you. The orc misses you.
You riposte.
You slash the orc!
You kill the orc!
You block the ice beast's attack. The ice beast hits you.
* * * LOW HITPOINT WARNING * * *
The ice beast freezes you!
You die...

.............#.
#..............
####..............
..)...............
........O.........
........o.KK......
........°oKK......
.......oYo!K.....#
..##.@.KK####+#.
#.....# #######


You could see an ice beast, a big kobold, an ogre, an orc wizard, 3 orcs and 6
kobolds.

Vanquished Creatures
  2 hogs
  An orc warrior (D:7)
  An ice beast (D:5)
  A black bear (D:6)
  An ogre (D:7)
  A wolf (D:8)
  2 centaurs
  3 bullfrogs
  3 wights (D:6)
  2 crimson imps
  A quasit (D:5)
  A hound (D:6)
  8 orc wizards
  A centaur skeleton (D:7)
  5 orc priests
  A bullfrog skeleton (D:6)
  2 iguanas
  6 worker ants
  3 hound zombies
  4 adders
  4 gnolls (D:7)
  A worker ant simulacrum (D:8)
  An ooze (D:1)
  An adder skeleton (D:7)
  2 worms
  2 dart slugs
  5 leopard geckos
  16 orcs
  3 ball pythons
  3 giant cockroaches
  11 goblins
  5 hobgoblins
  6 jackals
  4 quokkas
  8 bats
  7 frilled lizards
  12 kobolds
  2 leopard gecko skeletons
  A quokka skeleton (D:4)
  5 rats
148 creatures vanquished.

Vanquished Creatures (others)
  2 orc wizards (D:7)
2 creatures vanquished.

Grand Total: 150 creatures vanquished

Notes
Turn   | Place    | Note
-------+----------+-------------------------------------------
     0 | D:1      | MisterFreud the Octopode Fighter began the quest for the
                  | Orb.
     0 | D:1      | Reached XP level 1. HP: 16/16 MP: 1/1
    59 | D:1      | Reached XP level 2. HP: 21/21 MP: 2/2
   152 | D:1      | You fall through a shaft!
   159 | D:2      | Reached skill level 3 in Long Blades
   428 | D:1      | Reached XP level 3. HP: 25/26 MP: 3/3
   990 | D:3      | Reached skill level 4 in Long Blades
  1092 | D:3      | Reached XP level 4. HP: 31/31 MP: 4/4
  1843 | D:4      | Reached skill level 5 in Long Blades
  1843 | D:4      | Reached XP level 5. HP: 27/36 MP: 5/5
  1956 | D:4      | Found a radiant altar of Vehumet.
  1999 | D:4      | Found a bloodstained altar of Trog.
  2073 | D:4      | Found a sparkling altar of Nemelex Xobeh.
  2079 | D:4      | Found a burning altar of Makhleb.
  2079 | D:4      | Found a glowing golden altar of the Shining One.
  2079 | D:4      | Found a white marble altar of Elyvilon.
  2080 | D:4      | Found a shadowy altar of Dithmenos.
  2081 | D:4      | Found a hide-covered altar of Uskayaw.
  2081 | D:4      | Found an opulent altar of Gozag.
  2123 | D:4      | Found a glowing silver altar of Zin.
  2369 | D:4      | Reached skill level 8 in Long Blades
  2369 | D:4      | Reached XP level 6. HP: 47/47 MP: 6/6
  2387 | D:5      | Entered Level 5 of the Dungeon
  2567 | D:5      | Noticed an ice beast
  2576 | D:5      | Killed an ice beast
  2576 | D:5      | Reached XP level 7. HP: 53/53 MP: 7/7
  2638 | D:5      | HP: 2/53 [orc wizard/+0 dagger (5)]
  2984 | D:6      | Found Jusehid's Assorted Antiques.
  2991 | D:6      | Bought 2 fuming white potions for 50 gold pieces
  3026 | D:6      | Reached XP level 8. HP: 34/60 MP: 8/8
  4305 | D:6      | Bought a scroll labeled WIYNICLORGH for 28 gold pieces
  4305 | D:6      | Bought a scroll labeled LIOZACL XUHU for 28 gold pieces
  4305 | D:6      | Bought a scroll of teleportation for 84 gold pieces
  4843 | D:7      | Found a staircase to the Ecumenical Temple.
  4854 | Temple   | Entered the Ecumenical Temple
  4941 | D:7      | Reached XP level 9. HP: 46/64 MP: 9/9
  5582 | D:7      | Reached skill level 9 in Long Blades
  5699 | D:8      | Noticed a polar bear
  5714 | D:8      | Noticed a two-headed ogre
  5718 | D:8      | HP: 1/66 [ice beast (5)]
  5721 | D:8      | Slain by an ice beast

Levels and vault maps discovered:
D:1:      nzn_arrival_water_spiral, layout_basic, nrook_mini_backslash,
          hangedman_decor_lopped
D:2:      layout_basic, nicolae_overflow_hidden_temple, first_ration
D:3:      layout_basic
D:4:      layout_loops_cross, vehumet_crystals, lightli_temple_of_fire,
          grunt_temple_overflow_open
D:5:      layout_cave_pools
D:6:      minmay_thinvault, layout_gridville, serial_shops, shop
D:7:      minmay_the_grid_plus_closed [minmay_the_grid_holed_spiral,
          minmay_the_grid_odd_star, minmay_the_grid_diamond_grid,
          minmay_the_grid_rooms, minmay_the_grid_prize_big_room],
          layout_gridville, marbit_many_paths, minmay_temple_entry_glassed_door,
          grunt_livestock
D:8:      layout_basic, serial_ice, serial_ice_a, serial_ice_k, serial_ice_m,
          serial_ice_d, nicolae_qazlal_eye_of_the_storm
Temple:   compressed_dpeg_circular_temple

Skill      XL: |  1  2  3  4  5  6  7  8  9 |
---------------+----------------------------+-----
Long Blades    | 3 4 5 8 9 |  9.0
Fighting       | 6 7 |  7.8
Dodging        | 6 7 |  7.8
Shields        | 6 7 |  7.8

Action                   |  1- 3 |  4- 6 |  7- 9 || total
-------------------------+-------+-------+-------++-------
Melee: Long sword        |    64 |    77 |   211 ||   352
       Constrict         |    22 |    22 |    56 ||   100
       Tentacles         |    17 |    18 |    44 ||    79
  Use: Scroll            |       |     8 |    14 ||    22
       Potion            |       |     1 |     6 ||     7
 Stab: Sleeping          |     6 |     3 |     5 ||    14
  Eat: Chunk             |     1 |     4 |    10 ||    15
Armor: Skin              |     4 |     4 |    11 ||    19
Dodge: Dodged            |    41 |    43 |    82 ||   166
Block: Shield            |    28 |    55 |   151 ||   234
       Reflection        |       |       |     5 ||     5
       Rpst.: Long sword |    13 |     6 |    25 ||    44

Table legend:
 A = Non-vault XP
 B = Vault XP
 C = Vault XP percentage of total XP
 D = Non-vault monster count
 E = Vault monster count
 F = Vault count percentage of total count
                 A         B        C        D         E       F
            +---------+---------+-------+---------+---------+-------
      Total |    2225 |     911 |  29.0 |     137 |      12 |   8.1
            +---------+---------+-------+---------+---------+-------
        D:1 |      40 |       0 |   0.0 |      23 |       0 |   0.0
        D:2 |      22 |       0 |   0.0 |      13 |       0 |   0.0
        D:3 |      52 |       0 |   0.0 |      26 |       0 |   0.0
        D:4 |      95 |       0 |   0.0 |       8 |       0 |   0.0
        D:5 |     537 |       0 |   0.0 |      18 |       0 |   0.0
        D:6 |     530 |     589 |  52.6 |      21 |       9 |  30.0
        D:7 |     946 |     202 |  17.6 |      27 |       1 |   3.6
        D:8 |       3 |     120 |  97.6 |       1 |       2 |  66.7
            +---------+---------+-------+---------+---------+-------
